 Dungeon Crawl Stone Soup version 0.31-a0-702-gf82c85558f (webtiles) character file.

Game seed: 4053587313635674027

1039 qw the Skirmisher (level 8, -1/49 HPs)
             Began as a Gargoyle Hunter on Sept 7, 2023.
             Slain by a killer bee (3 damage)
             ... on level 5 of the Dungeon.
             The game lasted 00:01:23 (4066 turns).

qw the Skirmisher (Gargoyle Hunter)                 Turns: 4066, Time: 00:01:24

Health: -1/49      AC: 16    Str: 15    XL:     8   Next: 24%
Magic:  8/8        EV: 11    Int: 10    God:
Gold:   219        SH:  0    Dex: 15    Spells: 7/7 levels left

rFire   . . .        i - +0 orcbow
rCold   . . .        (shield currently unavailable)
rNeg    + . .        e - +0 ring mail
rPois   inf          (no helmet)
rElec   +            (no cloak)
rCorr   .            (no gloves)
SInv    .            m - +0 pair of boots
Will    .....        (no amulet)
Stlth   +            g - +4 ring of protection
HPRegen 0.28/turn    (no ring)
MPRegen 0.11/turn

%: no passive effects
@: no status effects
A: sickness immunity, AC +5, negative energy resistance 1, electricity
resistance, torment resistance 1, petrification resistance
a: no special abilities


You were on level 5 of the Dungeon.
You visited 1 branch of the dungeon, and saw 5 of its levels.

You collected 219 gold pieces.


Innate Abilities, Weirdness & Mutations

You are immune to sickness and miasma.
Your stone body is resilient. (AC +5)
You are immune to poison.
You resist negative energy. (rN+)
You are resistant to electric shocks. (rElec)
You are resistant to unholy torment.
You are immune to petrification.


   Skills:
 - Level 5.0 Fighting
 + Level 8.3 Ranged Weapons
 - Level 3.0 Armour
 - Level 2.7 Dodging
 - Level 1.1 Stealth


You had 7 spell levels left.
You didn't know any spells.
Your spell library was empty.

Inventory:

Hand Weapons
 i - a +0 orcbow (weapon)
Armour
 e - a +0 ring mail (worn)
 m - a +0 pair of boots (worn)
Jewellery
 g - a +4 ring of protection (left hand)
Scrolls
 p - a scroll of identify
Potions
 a - a potion of cancellation {unknown}
 b - a potion of berserk rage {unknown}
 c - a potion of brilliance {unknown}
 d - a potion of resistance {unknown}
 f - a potion of lignification {unknown}
 h - 2 potions of curing
 j - a potion of degeneration {unknown}
 l - a potion of haste {unknown}
 o - a potion of attraction {unknown}

Dungeon Overview and Level Annotations

Branches:
Dungeon (5/15)
 Temple: D:4-7

Altars:
Cheibriados

Shops:
D:3 (

Annotations:
D:5 1 runed translucent door, Crazy Yiuf, Dowan


Message History

The arrow hits the acid dragon!
The acid dragon is moderately wounded.
The acid dragon spits acid at you. The splash of acid misses you.
You shoot an arrow. The arrow hits the acid dragon.
The acid dragon is heavily wounded.
The acid dragon bites you but does no damage.
The acid dragon barely misses you.
You shoot an arrow.
The arrow hits the acid dragon but does no damage.
The acid dragon is heavily wounded.
The killer bee stings you.
The acid dragon bites you but does no damage.
The acid dragon closely misses you. The killer bee stings you.
You shoot an arrow. The arrow hits the acid dragon.
The acid dragon is heavily wounded.
The killer bee barely misses you.
The acid dragon bites you but does no damage.
The acid dragon claws you. The killer bee barely misses you.
You shoot an arrow.
The arrow closely misses the acid dragon.
The killer bee stings you but does no damage.
The acid dragon closely misses you. The acid dragon barely misses you.
The killer bee stings you.
You shoot an arrow.
The arrow closely misses the acid dragon.
The killer bee closely misses you. The killer bee stings you.
The acid dragon bites you. The acid dragon closely misses you.
The killer bee stings you but does no damage.
The acid dragon bites you. The acid dragon barely misses you.
You shoot an arrow. The arrow hits the acid dragon.
The acid dragon is heavily wounded.
The killer bee closely misses you. The killer bee barely misses you.
The acid dragon spits acid at you. The splash of acid hits you!!
You shoot an arrow.
The arrow hits the acid dragon but does no damage.
The acid dragon is heavily wounded.
The killer bee stings you.
You die...

##..#...# +......#
##.....# #.....##
#.....#########....##
##...))%.....#....##
##.#..#%....#...##
#..#.#######...# ###
##.#..#...#...####..
#..#.##.##..####...
###@D.)#'#...###....
#.##y#...).####.....
#..#..#..### ##.....
##.....#.## ##......
#........# ##.......
#.. #........##
#........ #...
#.........###......>.
####..
#...........#........
......##
##.......##..........


You could see an acid dragon (catching breath) and a killer bee.

Vanquished Creatures
  2 water moccasins (D:5)
  Duvessa (D:5)
  3 ogres
  2 centaurs (D:5)
  A howler monkey (D:5)
  A hound (D:4)
  An orc priest (D:5)
  An iguana (D:5)
  An orc wizard (D:5)
  4 gnolls (D:5)
  5 adders
  A shadow imp (D:5)
  A dart slug (D:2)
  6 orcs
  3 endoplasms (D:1)
  4 giant cockroaches
  4 goblins
  6 hobgoblins
  8 jackals
  4 kobolds
  3 quokkas
  4 ball pythons
  5 bats
  2 frilled lizards (D:2)
  9 rats
82 creatures vanquished.

Notes
Turn   | Place    | Note
-------+----------+-------------------------------------------
     0 | D:1      | qw the Gargoyle Hunter began the quest for the Orb.
     0 | D:1      | Reached XP level 1. HP: 12/12 MP: 1/1
     0 | D:1      | 0 ||| qw: Version: 0.3-a-76-g4403597
     0 | D:1      | 0 ||| qw: Game counter: 765
     0 | D:1      | 0 ||| qw: Melee chars always use a shield: true
     0 | D:1      | 0 ||| qw: God list: Okawaru
     0 | D:1      | 0 ||| qw: Allow faded altars: false
     0 | D:1      | 0 ||| qw: Do Orc after clearing Dungeon:15 true
     0 | D:1      | 0 ||| qw: Do second Lair branch before Depths: true
     0 | D:1      | 0 ||| qw: Lair rune preference: random
     0 | D:1      | 0 ||| qw: Goals: Normal
     0 | D:1      | 0 ||| PLANNING D:1-11
   163 | D:1      | Reached XP level 2. HP: 17/17 MP: 2/2
   640 | D:1      | 640 ||| UPGRADING to +0 ring mail.
   650 | D:1      | 650 ||| DROPPING +0 leather armour.
   651 | D:1      | 651 ||| UPGRADING to +4 ring of protection.
   652 | D:1      | 652 ||| READING 2 scrolls labelled DAHUAPHEYC.
   653 | D:1      | 653 ||| READING scroll labelled NUQA UDURR.
   654 | D:1      | 654 ||| DRINKING 2 bubbling golden potions.
   655 | D:1      | 655 ||| DROPPING scroll of poison.
   656 | D:1      | 656 ||| DROPPING scroll of butterflies.
   728 | D:2      | Reached XP level 3. HP: 21/21 MP: 3/3
   731 | D:2      | Reached skill level 1 in Armour
   911 | D:2      | Found a faded altar of an unknown god.
   940 | D:2      | Reached skill level 5 in Ranged Weapons
   959 | D:2      | Found a snail-covered altar of Cheibriados.
  1272 | D:2      | Identified the +8 whip of Flawed Execution {drain, rC+
                  | Will+}
  1507 | D:2      | 1507 ||| READING scroll labelled ACYARPH VIRUEDAV.
  1508 | D:2      | 1508 ||| READING scroll labelled SIUMMU VUWOQAON.
  1509 | D:2      | 1509 ||| READING scroll labelled JIEBUY EFARR.
  1510 | D:2      | 1510 ||| DRINKING 2 dark potions.
  1511 | D:2      | 1511 ||| DROPPING potion of invisibility.
  1559 | D:3      | 1559 ||| PLANNING SEWER
  1606 | D:3      | Found Sutzuuma's Antique Weapon Emporium.
  1611 | D:3      | 1611 ||| SHOPLISTING glowing orcbow (143 gold, have 58).
  1611 | D:3      | 1611 ||| SHOPLISTING runed arbalest (165 gold, have 58).
  1611 | D:3      | 1611 ||| SHOPLISTING smoking longbow (253 gold, have 58).
  1782 | D:3      | Reached XP level 4. HP: 27/27 MP: 4/4
  1847 | D:3      | Reached skill level 3 in Fighting
  2202 | D:3      | 2202 ||| RIP SEWER
  2203 | D:3      | 2203 ||| PLANNING D:1-11
  2250 | D:3      | 2250 ||| READING scroll labelled ETUIBBATHO.
  2251 | D:3      | 2251 ||| READING scroll labelled QUEGIL VEWKIS.
  2352 | D:3      | 2352 ||| READING scroll labelled LAMOAHOCSA.
  2353 | D:3      | 2353 ||| READING scroll labelled JEDDUSM JEM TIB.
  2371 | D:3      | 2371 ||| DRINKING 3 bubbling blue potions.
  2400 | D:4      | Noticed an ogre
  2405 | D:4      | Killed an ogre
  2406 | D:4      | Reached skill level 6 in Ranged Weapons
  2406 | D:4      | Reached XP level 5. HP: 31/32 MP: 5/5
  2641 | D:4      | Reached XP level 6. HP: 37/37 MP: 6/6
  3287 | D:4      | 3287 ||| UPGRADING to +0 pair of boots.
  3292 | D:4      | 3292 ||| DROPPING ring of flight.
  3293 | D:4      | 3293 ||| READING scroll labelled YFELOEM PELL.
  3328 | D:5      | Entered Level 5 of the Dungeon
  3360 | D:5      | Noticed Duvessa
  3380 | D:5      | Killed Duvessa
  3380 | D:5      | Noticed Dowan
  3387 | D:5      | HP: 9/39 [Dowan/stone arrow (3)]
  3388 | D:5      | 3388 ||| READING scroll of teleportation.
  3389 | D:5      | 3389 ||| DRINKING potion of heal wounds.
  3447 | D:5      | Reached skill level 7 in Ranged Weapons
  3541 | D:5      | Found a runed translucent door.
  3542 | D:5      | Noticed Crazy Yiuf
  3636 | D:5      | Reached XP level 7. HP: 43/44 MP: 7/7
  3883 | D:5      | 3883 ||| Stepping ~*~*~tactically~*~*~ (outnumbered).
  3891 | D:5      | Reached skill level 8 in Ranged Weapons
  3921 | D:5      | 3921 ||| SWAPPING to +0 orcbow.
  3938 | D:5      | 3938 ||| DROPPING +1 shortbow of draining.
  3971 | D:5      | Reached skill level 3 in Armour
  3978 | D:5      | Reached XP level 8. HP: 26/49 MP: 8/8
  4023 | D:5      | 4023 ||| FLEEEEING.
  4065 | D:5      | HP: 2/49 [acid dragon/splash of acid (19)]
  4066 | D:5      | Slain by a killer bee

Levels and vault maps discovered:
D:1:      moated_graveyard_arrival, layout_loops_ring, minmay_cut_off
D:2:      cheibrodos_helix_gallery, layout_basic,
          chequers_ecumenical_altar_island, basic_altar
D:3:      layout_basic, lightli_sewer_entry_pipes, serial_shops, shop
D:4:      layout_layer_cave, grunt_ministairs_3, minmay_misc_feat_plants,
          kennysheep_generic_room_7
D:5:      layout_cave_pods, gammafunk_temple_overflow_elements,
          minmay_divided_ellipse, uniq_duvessa, uniq_crazy_yiuf_cottage

Skill      XL: |  1  2  3  4  5  6  7  8 |
---------------+-------------------------+-----
Armour         | 1 3 |  3.0
Ranged Weapons | 5 6 7 8 |  8.3
Fighting       | 3 4 5 |  5.0
Dodging        | 2 |  2.7
Stealth        | |  1.1

Action                     |  1- 3 |  4- 6 |  7- 9 || total
---------------------------+-------+-------+-------++-------
   Fire: Shortbow          |   111 |   107 |    30 ||   248
         Orcbow            |       |       |    68 ||    68
    Use: Scroll            |     5 |     6 |       ||    11
         Potion            |     2 |     2 |       ||     4
 Armour: Leather armour    |     7 |       |       ||     7
         Ring mail         |    17 |    52 |   103 ||   172
  Dodge: Dodged            |    15 |    26 |    63 ||   104

Table legend:
 A = Non-vault XP
 B = Vault XP
 C = Vault XP percentage of total XP
 D = Non-vault monster count
 E = Vault monster count
 F = Vault count percentage of total count
                 A         B        C        D         E       F
            +---------+---------+-------+---------+---------+-------
      Total |     477 |    1008 |  67.9 |      57 |      25 |  30.5
            +---------+---------+-------+---------+---------+-------
        D:1 |      22 |       6 |  21.4 |      14 |       3 |  17.6
        D:2 |      37 |       6 |  14.0 |      15 |       2 |  11.8
        D:3 |      29 |      56 |  65.9 |      15 |       7 |  31.8
        D:4 |      49 |     126 |  72.0 |       5 |       3 |  37.5
        D:5 |     340 |     814 |  70.5 |       8 |      10 |  55.6
            +---------+---------+-------+---------+---------+-------
